 Dungeon Crawl Stone Soup version 0.20-a0-876-g2c7b0bf (console) character file.

127 itsmu the Vexing (level 4, -4/33 HPs)
             Began as a Draconian Enchanter on Mar 15, 2017.
             Killed by divine providence
             ... invoked by an orc priest
              (12 damage)
             ... on level 3 of the Dungeon.
             The game lasted 00:06:08 (2570 turns).

itsmu the Vexing (Draconian Enchanter)              Turns: 2570, Time: 00:06:09

Health: -4/33      AC:  6    Str: 11    XL:     4   Next: 85%
Magic:  0/7        EV: 12    Int: 16    God:
Gold:   200        SH:  0    Dex: 11    Spells: 1/7 levels left

rFire    . . .     SeeInvis .   a - +1 dagger
rCold    . . .     Gourm    .   (armour unavailable)
rNeg     . . .     Faith    .   (no shield)
rPois    .         Spirit   .   (helmet restricted)
rElec    .         Reflect  .   d - +0 cloak
rCorr    .         Harm     .   (no gloves)
MR       .....                  (no boots)
Stlth    ++........             (no amulet)
Regen    0.2/turn               (no ring)
MPRegen  0.1/turn               (no ring)

@: very slightly contaminated
A: unfitting armour, cold-blooded, AC +5
a: no special abilities


You were on level 3 of the Dungeon.
You were not hungry.

You visited 1 branch of the dungeon, and saw 3 of its levels.

You collected 200 gold pieces.

Inventory:

Hand Weapons
 a - a +1 dagger (weapon)
 n - a +0 rapier
   (You found it on level 2 of the Dungeon)
Missiles
 j - 62 stones
 p - 2 javelins (quivered)
Armour
 d - a +0 cloak (worn)
   (You found it on level 1 of the Dungeon)
Scrolls
 e - 3 scrolls of remove curse {unknown}
 f - a scroll of fear {unknown}
 l - 6 scrolls of identify {unknown}
 m - 4 scrolls of amnesia {unknown}
 q - a scroll of enchant armour {unknown}
 s - a scroll of noise {unknown}
 t - a scroll of recharging {unknown}
Potions
 h - a potion of berserk rage {unknown}
 i - a potion of invisibility {unknown}
 k - 2 potions of haste {unknown}
 o - a potion of agility {unknown}
Books
 b - a book of Maledictions

   Spells                             Type                      Level
   a - Corona                         Hexes                        1
   b - Ensorcelled Hibernation        Hexes/Ice                    2
   c - Confuse                        Hexes                        3
   d - Tukima's Dance                 Hexes                        3
   e - Dazzling Spray                 Conjuration/Hexes            3
Comestibles
 c - 4 bread rations
 g - 2 royal jellies
 r - a chunk of flesh


   Skills:
 + Level 2.0 Short Blades
 - Level 1.7 Dodging
 + Level 3.6 Stealth
 - Level 2.0 Spellcasting
 * Level 3.7 Hexes
 + Level 1.8 Ice Magic


You had one spell level left.
You knew the following spells:

 Your Spells              Type           Power        Failure   Level  Hunger
a - Corona                Hex            ##.....      6%          1    #......
b - Ensorcelled Hibernat  Hex/Ice        ##....       12%         2    ###....
c - Confuse               Hex            ##......     14%         3    ###....


Dungeon Overview and Level Annotations

Branches:
Dungeon (3/15)

Altars:
Okawaru


Innate Abilities, Weirdness & Mutations

Your plain brown scales are hard. (AC +5)
You cannot fit into any form of body armour.
You are cold-blooded and may be slowed by cold attacks.


Message History

The orc priest is moderately wounded.
The orc hits you with a hand axe.
* * * LOW HITPOINT WARNING * * *
The orc priest looks braver for a moment.
You hit the orc priest but do no damage.
The orc priest is moderately wounded.
The orc hits you with a hand axe.
* * * LOW HITPOINT WARNING * * *
The orc priest looks satisfied for a moment.
Casting: Ensorcelled Hibernation
Confirm with . or Enter, or press ? or * to list all spells.
Aiming: Ensorcelled Hibernation
Press: ? - help, Shift-Dir - straight line, f/p - orc priest
Aim: an orc priest, wielding a whip and wearing a scale mail (moderately wounded, chance to defeat MR: 41%)
You miscast Ensorcelled Hibernation.
Strange energies run through your body. The orc hits you with a hand axe.
* * * LOW HITPOINT WARNING * * *
The orc priest mumbles some strange prayers to Beogh against you.
Beogh smites you!
You die...

#.# #.# # #.# #.#
## # #.# #.# .. .
#.# #.# .# #.#
#.# .# #.#####.##
.# #........# .#
#######..######o#
#.....).Mo#
#.######### #.#
#.. ###


You could see an orc priest and an orc.

Vanquished Creatures
  Jessica (D:2)
  5 adders
  An ooze (D:1)
  A worm (D:3)
  4 orcs (D:3)
  A goblin (D:2)
  8 hobgoblins
  7 jackals (D:3)
  A ball python (D:2)
  4 bats
  3 frilled lizards
  4 kobolds
  8 rats
48 creatures vanquished.

Notes
Turn   | Place    | Note
-------+----------+-------------------------------------------
     0 | D:1      | itsmu the Draconian Enchanter began the quest for the Orb.
     0 | D:1      | Reached XP level 1. HP: 14/14 MP: 3/3
   119 | D:1      | Reached XP level 2. HP: 20/20 MP: 5/5
   161 | D:1      | Learned a level 2 spell: Ensorcelled Hibernation
   230 | D:1      | Found an iron altar of Okawaru.
   763 | D:2      | Noticed Jessica
   781 | D:2      | Killed Jessica
   781 | D:2      | Reached skill level 1 in Ice Magic
   781 | D:2      | Reached XP level 3. HP: 16/26 MP: 1/6
   833 | D:2      | Learned a level 3 spell: Confuse
  1171 | D:2      | Reached XP level 4. HP: 33/33 MP: 7/7
  2570 | D:3      | Killed from afar by an orc priest

Vault maps used:
D:1:      ncdulo_watergridlock, okawaru_ov_weapons_minmay
D:2:      first_bread, minmay_misc_feat_x, uniq_jessica
D:3:      minmay_surrounded

Skill      XL: |  1  2  3  4 |
---------------+-------------+-----
Hexes          | 3 |  3.7
Stealth        | 3 |  3.6
Ice Magic      | 1 |  1.8
Short Blades   | 2 |  2.0
Dodging        | |  1.7
Spellcasting   | |  2.0

Action                   |  1- 3 |  4- 6 || total
-------------------------+-------+-------++-------
Melee: Dagger            |    50 |    77 ||   127
       Tailslap          |     3 |     5 ||     8
 Cast: Corona            |     3 |     3 ||     6
       Ensorcelled Hiber |     7 |    28 ||    35
 Stab: Sleeping          |    10 |    20 ||    30
  Eat: Chunk             |     1 |     7 ||     8
Armor: Skin              |    20 |    28 ||    48
Dodge: Dodged            |    27 |    50 ||    77
